 Dungeon Crawl Stone Soup version 0.20.1-1-g8b1a95d (webtiles) character file.

3896 equalderp2856 the Cleaver (level 10, -2/76 HPs)
             Began as a Mummy Fighter on Oct 23, 2017.
             Killed from afar by a raiju (14 damage)
             ... with a living lightning
             ... on level 2 of the Abyss.
             The game lasted 00:27:19 (11967 turns).

equalderp2856 the Cleaver (Mummy Fighter)          Turns: 11967, Time: 00:27:20

Health: -2/76      AC: 17    Str: 13 (20) XL:     10   Next: 0%
Magic:  3/16       EV:  2    Int:  7 (11) God:
Gold:   405        SH:  8    Dex:  6 (15) Spells: 12/17 levels left

rFire    x . .     SeeInvis .   a - +0 war axe
rCold    + . .     Gourm    .   c - +0 shield
rNeg     + + +     Faith    .   p - +0 plate armour
rPois    ∞         Spirit   .   r - +0 helmet
rElec    .         Reflect  .   k - +1 cloak {+Inv}
rCorr    .         Harm     .   (no gloves)
MR       +....                  q - +0 pair of boots
Stlth    ..........             (no amulet)
Regen    0.3/turn               i - +4 ring of dexterity
MPRegen  0.2/turn               (no ring)

@: contaminated, glowing
A: no food or potions, fire vulnerability, cold resistance 1, negative energy
resistance 3, torment resistance, unbreathing
a: Evoke Invisibility


You were on level 2 of the Abyss.
You were not hungry.

You visited 2 branches of the dungeon, and saw 9 of its levels.
You visited the Abyss 1 time.

You collected 405 gold pieces.

Inventory:

Hand Weapons
 a - a +0 war axe (weapon)
 x - a +4 battleaxe
Armour
 b - a +0 scale mail
 c - a +0 shield (worn)
 k - a +1 cloak of invisibility (worn)
 p - a +0 plate armour (worn)
 q - a +0 pair of boots (worn)
 r - a +0 helmet (worn)
 v - a +2 cloak
Jewellery
 h - a +3 ring of strength {unknown}
 i - a +4 ring of dexterity (left hand)
Wands
 t - a wand of flame (11/48)
Scrolls
 d - 6 scrolls of identify {unknown}
 e - a scroll of noise {unknown}
 f - a scroll of enchant weapon {unknown}
 g - 3 scrolls of remove curse
 j - 2 scrolls of magic mapping {unknown}
 l - a scroll of teleportation
 m - 2 scrolls of fear {unknown}
 o - 2 scrolls of immolation {unknown}
 s - a scroll of silence {unknown}
 u - a scroll of random uselessness {unknown}
 w - a scroll of amnesia {unknown}
Books
 n - a book of Minor Magic

   Spells                             Type                      Level
   a - Magic Dart                     Conjuration                  1
   b - Blink                          Translocation                2
   c - Call Imp                       Summoning                    2
   d - Slow                           Hexes                        2
   e - Conjure Flame                  Conjuration/Fire             3
   f - Mephitic Cloud                 Conjuration/Poison/Air       3


   Skills:
 + Level 5.7 Fighting
 * Level 8.2 Axes
 + Level 5.6 Armour
 + Level 1.9 Dodging
 + Level 0.1 Stealth
 + Level 5.1 Shields
 + Level 4.3 Spellcasting
 + Level 1.0 Evocations


You had 12 spell levels left.
You knew the following spells:

 Your Spells              Type           Power        Failure   Level  Hunger
a - Magic Dart            Conj           #...         100%        1    N/A
b - Blink                 Tloc           N/A          100%        2    N/A
c - Call Imp              Summ           #.......     100%        2    N/A

Dungeon Overview and Level Annotations

Branches:
Dungeon (8/15)             Temple (1/1) D:6
   Lair: D:8-11

Altars:
Ashenzari
Cheibriados
Dithmenos
Elyvilon
Fedhas
Hepliaklqana
Kikubaaqudgha
Makhleb
Nemelex Xobeh
Okawaru
Qazlal
Sif Muna
Trog
Uskayaw
Vehumet
Xom
Yredelemnul
Zin
The Shining One

Annotations:
D:7 15 exclusions


Innate Abilities, Weirdness & Mutations

You do not eat or drink.
Your flesh is vulnerable to fire.
You are immune to poison.
Your flesh is cold resistant. (rC+)
You are immune to negative energy. (rN+++)
You are immune to unholy pain and torment.
You can survive without breathing.


Message History

You now have 405 gold pieces (gained 42).
The raiju bursts into living lightning!
The living lightning hits the raiju.
The raiju completely resists.
The living lightning hits you!
The raiju blinks!
The raiju bites you. The raiju shocks you!
The raiju bursts into living lightning!
The living lightning hits you!
* * * LOW HITPOINT WARNING * * *
The raiju blinks!
Unknown command.
Invisibility will do you no good right now; use anyway?
Okay, then.
Okay, then.
The raiju bursts into living lightning!
The living lightning hits you!
* * * LOW HITPOINT WARNING * * *
The raiju blinks! x2
The raiju bursts into living lightning!
The living lightning hits you!
You die...

.............#..
.............§....
......∩...........
........h..!...#..
................#
..........)..#.
......#h....#....
.#.#..h.#### ∩ ..
#.@##..# # # #.h#
..# #... ### =..#.
....... ...... ..
....... ...
.##...... #..


You could see 4 raiju.

Vanquished Creatures
  Pikel (D:6)
  Joseph (D:6)
  A hippogriff (D:7)
  2 hungry ghosts
  A spatial vortex (D:7)
  Menkaure (D:7)
  2 sky beasts (D:5)
  Duvessa (D:7)
  An orc warrior (D:5)
  A slave (D:6)
  A phantom (D:7)
  5 ogres
  A centaur (D:5)
  A big kobold (D:7)
  3 bullfrogs
  Dowan (D:7)
  A scorpion (D:5)
  2 howler monkeys
  4 crimson imps
  A centaur skeleton (D:6)
  2 hounds
  6 orc priests
  A jelly (D:6)
  Crazy Yiuf (D:7)
  6 worker ants
  Natasha (thrice) (D:2)
  2 iguanas (D:4)
  5 orc wizards
  8 gnolls
  8 adders
  A shadow imp (D:8)
  2 oozes
  An adder zombie (D:7)
  An adder skeleton (D:7)
  3 worms
  2 dart slugs
  10 leopard geckos
  29 orcs
  7 bats
  5 giant cockroaches
  2 goblins (D:2)
  7 hobgoblins
  12 jackals
  13 kobolds
  6 quokkas
  2 ball pythons
  3 frilled lizards
  A leopard gecko zombie (D:5)
  3 rats
  2 fungi (D:7)
186 creatures vanquished.

Vanquished Creatures (others)
  2 slaves (D:6)
  A jackal (D:6)
3 creatures vanquished.

Grand Total: 189 creatures vanquished

Notes
Turn   | Place    | Note
-------+----------+-------------------------------------------
     0 | D:1      | equalderp2856 the Mummy Fighter began the quest for the Orb.
     0 | D:1      | Reached XP level 1. HP: 18/18 MP: 1/1
   210 | D:1      | Reached XP level 2. HP: 21/24 MP: 2/2
   766 | D:1      | Reached XP level 3. HP: 10/29 MP: 3/3
   980 | D:2      | Reached skill level 2 in Axes
  1127 | D:2      | Reached XP level 4. HP: 23/35 MP: 4/4
  1680 | D:3      | Noticed Natasha
  1720 | D:2      | Killed Natasha
  1720 | D:2      | Reached skill level 1 in Dodging
  1720 | D:2      | Reached XP level 5. HP: 18/41 MP: 5/5
  2919 | D:2      | Noticed Natasha
  2928 | D:2      | Killed Natasha
  2930 | D:2      | Reached skill level 3 in Axes
  3068 | D:2      | Noticed Natasha
  3077 | D:2      | Killed Natasha
  3174 | D:2      | Reached XP level 6. HP: 48/48 MP: 6/6
  3490 | D:3      | Learned a level 1 spell: Magic Dart
  3493 | D:3      | Learned a level 2 spell: Blink
  3496 | D:3      | Learned a level 2 spell: Call Imp
  3508 | D:4      | Found a shimmering altar of Xom.
  3510 | D:4      | Found a shimmering altar of Xom.
  3510 | D:4      | Found a shimmering altar of Xom.
  3511 | D:4      | Found a shimmering altar of Xom.
  3527 | D:4      | Found a shimmering altar of Xom.
  3527 | D:4      | Found a shimmering altar of Xom.
  3629 | D:4      | Reached skill level 1 in Spellcasting
  4256 | D:5      | Entered Level 5 of the Dungeon
  4294 | D:5      | Reached XP level 7. HP: 42/54 MP: 11/11
  4750 | D:5      | Reached skill level 4 in Axes
  5216 | D:5      | Reached XP level 8. HP: 58/61 MP: 14/14
  6394 | D:6      | Reached skill level 5 in Axes
  6414 | D:6      | Found a staircase to the Ecumenical Temple.
  7031 | D:7      | Noticed Pikel
  7308 | D:7      | Noticed Duvessa
  7308 | D:7      | Noticed Dowan
  7308 | D:7      | Noticed Menkaure
  7341 | Temple   | Entered the Ecumenical Temple
  7424 | D:7      | Noticed Joseph
  7554 | D:6      | Killed Pikel
  7554 | D:6      | Reached skill level 5 in Fighting
  7554 | D:6      | Reached skill level 6 in Axes
  7554 | D:6      | Reached skill level 5 in Armour
  7554 | D:6      | Reached XP level 9. HP: 8/68 MP: 15/15
  8035 | D:8      | Found a shattered altar of Ashenzari.
  8036 | D:8      | Found a hide-covered altar of Uskayaw.
  8036 | D:8      | Found a radiant altar of Vehumet.
  8037 | D:8      | Found a glowing silver altar of Zin.
  8039 | D:8      | Found a blossoming altar of Fedhas.
  8167 | D:6      | Killed Joseph
  8167 | D:6      | Reached skill level 7 in Axes
  8867 | D:7      | Killed Menkaure
  8953 | D:7      | Killed Duvessa
  8992 | D:7      | Killed Dowan
  9837 | D:4      | Reached skill level 5 in Shields
  9925 | D:5      | Reached skill level 8 in Axes
 10325 | D:7      | Found a runed door.
 10329 | D:7      | Noticed Crazy Yiuf
 10337 | D:7      | Killed Crazy Yiuf
 11277 | D:7      | Reached skill level 1 in Evocations
 11277 | D:7      | Reached XP level 10. HP: 66/76 MP: 16/16
 11961 | D:7      | Cast into level 2 of the Abyss (miscasting Blink)
 11967 | Abyss:2  | Killed from afar by a raiju

Skill      XL: |  1  2  3  4  5  6  7  8  9 |
---------------+----------------------------+-----
Axes           | 2 3 4 6 8 |  8.2
Armour         | 3 5 |  5.6
Shields        | 3 4 5 |  5.1
Dodging        | 1 |  1.9
Spellcasting   | 3 4 |  4.3
Fighting       | 4 5 |  5.7
Evocations     | 1 |  1.0
Stealth        | |  0.1

Action                   |  1- 3 |  4- 6 |  7- 9 | 10-12 || total
-------------------------+-------+-------+-------+-------++-------
Melee: War axe           |    68 |   246 |   601 |    26 ||   941
 Abil: Evoke Invisibilit |       |       |    19 |     3 ||    22
Evoke: Wand              |       |       |     3 |       ||     3
  Use: Scroll            |       |       |     3 |       ||     3
 Stab: Distracted        |       |       |       |     1 ||     1
Armor: Scale mail        |    27 |    70 |       |       ||    97
       Plate armour      |       |     6 |   364 |     5 ||   375
Dodge: Dodged            |    30 |    87 |   110 |       ||   227
Block: Shield            |    37 |   119 |   314 |     9 ||   479
